 Dungeon Crawl Stone Soup version 0.30-a0-364-gf6b3ef1049 (webtiles) character file.

Game seed: 13852480795907283700

109 purpskrrrp the Sneak (level 4, -8/37 HPs)
             Began as a Demigod Brigand on Nov 15, 2022.
             Mangled by an ogre
             ... wielding a +0 giant club
              (31 damage)
             ... on level 4 of the Dungeon.
             The game lasted 00:05:22 (2758 turns).

purpskrrrp the Sneak (Demigod Brigand)              Turns: 2758, Time: 00:05:22

Health: -8/37      AC:  5    Str: 12    XL:     4   Next: 34%
Magic:  6/6        EV: 11    Int: 13    God:
Gold:   252        SH:  5    Dex: 19    Spells: 3/3 levels left

rFire   . . .      SeeInvis .    a - +3 dagger
rCold   . . .      Faith    .    h - +1 buckler {reflect}
rNeg    . . .      Spirit   .    u - +0 leather armour
rPois   .          Reflect  +    s - +0 helmet
rElec   .          Harm     .    c - +0 cloak
rCorr   .          Rampage  .    (no gloves)
Will    .....                    (no boots)
Stlth   +++.......               (no amulet)
HPRegen 0.26/turn                (no ring)
MPRegen 0.10/turn                (no ring)

@: no status effects
A: high MP 1, forlorn, divine attributes
a: no special abilities


You were on level 4 of the Dungeon.
You visited 1 branch of the dungeon, and saw 4 of its levels.

You collected 252 gold pieces.

Inventory:

Hand Weapons
 a - a +3 dagger (weapon)
Missiles
 d - 9 poisoned darts
 e - 3 curare-tipped darts
Armour
 b - a +0 robe
 c - a +0 cloak (worn)
 h - a +1 buckler of reflection (worn)
 s - a +0 helmet (worn)
 u - a +0 leather armour (worn)
Wands
 j - a wand of acid (9)
 l - a wand of flame (13)
Scrolls
 f - 2 scrolls of teleportation
 n - a scroll of acquirement {unknown}
 o - a scroll of amnesia {unknown}
 t - a scroll of noise {unknown}
 v - a scroll of identify
Potions
 i - a potion of brilliance {unknown}
 k - a potion of flight
 m - a potion of invisibility {unknown}
 p - 2 potions of magic {unknown}
 q - a potion of attraction {unknown}
 r - a potion of lignification {unknown}
 w - a potion of haste {unknown}


   Skills:
 + Level 2.4 Fighting
 + Level 2.9 Short Blades
 - Level 1.7 Throwing
 + Level 1.8 Dodging
 * Level 4.2 Stealth
 + Level 0.5 Shields


You had 3 spell levels left.
You didn't know any spells.
Your spell library contained the following spells:

 Spells                   Type           Power      Damage    Failure   Level
 Beastly Appendage        Tmut           0%         N/A       50%         1
 Sandblast                Erth           0%         2d4       50%         1
 Cigotuvi's Dreadful Rot  Necr/Pois/Air  0%         N/A       63%         2
 Passwall                 Tmut/Erth      0%         N/A       63%         2
 Wereblood                Tmut           0%         N/A       63%         2
 Spider Form              Tmut/Pois      0%         N/A       86%         3
 Stone Arrow              Conj/Erth      0%         3d7       86%         3
 Cause Fear               Hex            0%         N/A       99%         4
 Dispel Undead            Necr           0%         3d6       99%         4
 Death Channel            Necr           0%         N/A       100%        6
 Dragon Form              Tmut           0%         N/A       100%        7
 Dragon's Call            Summ           0%         N/A       100%        9


Dungeon Overview and Level Annotations

Branches:
Dungeon (4/15)
 Temple: D:4-7

Shops:
D:1 !


Innate Abilities, Weirdness & Mutations

You have an increased reservoir of magic. (+10% MP)
You shall have no god before yourself.
Your divine heritage dramatically boosts your attributes as you level up.


Message History

The ogre is heavily wounded.
The ogre hits you with a +0 giant club!!
Ouch! That really hurt!
You are too injured to fight recklessly!
You are too injured to fight recklessly!
You are too injured to fight recklessly!
You are too injured to fight recklessly!
You are too injured to fight recklessly!
You are too injured to fight recklessly!
You are too injured to fight recklessly!
You are too injured to fight recklessly!
You are too injured to fight recklessly!
You are too injured to fight recklessly!
You are too injured to fight recklessly!
You are too injured to fight recklessly!
You are too injured to fight recklessly!
You are too injured to fight recklessly!
You are too injured to fight recklessly!
You barely miss the ogre.
The ogre is heavily wounded.
The ogre barely misses you.
You feel better.
You barely miss the ogre.
The ogre is heavily wounded.
The ogre barely misses you.
You hit the ogre but do no damage.
The ogre is heavily wounded.
The ogre closely misses you.
You hit the ogre.
The ogre is severely wounded.
You hit the ogre but do no damage.
The ogre is severely wounded.
You block the ogre's attack.
You completely miss the ogre.
The ogre is severely wounded.
You barely miss the ogre.
The ogre is severely wounded.
The ogre hits you with a +0 giant club!!
Ouch! That really hurt!
You die...

#. #.# #.#######.#
#.......#.#
############.#.#
.......#..<..#.. #
..####.#.....#.###.#
..# #.#.....#..@O.#
..# #.##.##.#.#####
..# #.......#..# ..#
##.........# ###
#......#..# #
#......#..# #
#......#..# #
#......#..# #
#......#..#


You could see an ogre.

Vanquished Creatures
  An orc wizard (D:3)
  An adder (D:3)
  2 worms (D:2)
  A dart slug (D:2)
  3 orcs (D:3)
  5 endoplasms
  3 giant cockroaches
  7 hobgoblins
  5 jackals
  4 kobolds
  3 quokkas
  3 ball pythons (D:2)
  7 bats
  2 frilled lizards (D:3)
  7 goblins
  6 rats
60 creatures vanquished.

Notes
Turn   | Place    | Note
-------+----------+-------------------------------------------
     0 | D:1      | purpskrrrp the Demigod Brigand began the quest for the Orb.
     0 | D:1      | Reached XP level 1. HP: 17/17 MP: 3/3
    76 | D:1      | Reached skill level 1 in Dodging
   416 | D:1      | Reached XP level 2. HP: 24/24 MP: 4/4
   523 | D:1      | Found Nuqov's Distillery.
  1314 | D:2      | Reached XP level 3. HP: 29/29 MP: 5/5
  2080 | D:3      | Reached skill level 4 in Stealth
  2280 | D:3      | Reached XP level 4. HP: 18/37 MP: 6/6
  2742 | D:4      | Noticed an ogre
  2758 | D:4      | Mangled by an ogre

Illustrated notes

Levels and vault maps discovered:
D:1:      sevenhm_arrival_forest_fort_large_2, layout_basic, serial_shops,
          shop_statue, minmay_misc_feat_rugged, kennysheep_nondescript,
          st_stairs_12
D:2:      layout_loops_ring
D:3:      layout_rooms
D:4:      layout_basic, nicolae_tso_carved_into_rock,
          minmay_temple_entry_offerings, serial_shops, nicolae_diamond_shop

Skill      XL: |  1  2  3 |
---------------+----------+-----
Dodging        | 1 |  1.8
Short Blades   | 2 |  2.9
Fighting       | 2 |  2.4
Stealth        | 4 |  4.2
Throwing       | |  1.7
Shields        | |  0.5

Action                   |  1- 3 |  4- 6 || total
-------------------------+-------+-------++-------
Melee: Dagger            |   131 |    35 ||   166
Throw: Dart              |     6 |       ||     6
  Use: Scroll            |     5 |       ||     5
       Potion            |       |     1 ||     1
 Stab: Sleeping          |    16 |     1 ||    17
Armor: Robe              |    23 |    10 ||    33
Dodge: Dodged            |    48 |    21 ||    69
Block: Buckler           |    14 |     7 ||    21

Table legend: (Time is in decaauts)
 A = Elapsed time spent in this place.
 B = Non-inter-level travel time spent in this place.
 C = Inter-level travel time spent in this place.
 D = Time resting spent in this place.
 E = Time spent auto-exploring this place.
 F = Levels seen in this place.
 G = Mean time per level.
                   A        B        C        D        E       F      G
               +--------+--------+--------+--------+--------+-----+--------+
         Total |   2742 |   2652 |     90 |    329 |   1876 |   4 |  685.5 |
       Dungeon |   2742 |   2652 |     90 |    329 |   1876 |   4 |  685.5 |
               +--------+--------+--------+--------+--------+-----+--------+

Top non-repeatable levels by time:
     D:1: 1050 daAuts
     D:2: 967 daAuts
     D:3: 611 daAuts
     D:4: 112 daAuts
